cohdb
Replays
Latest Replays
All Replays
Popular Replays
Top Player Replays
Match Explorer
How It Works
Community
CoH3 Stats
Reddit
Sign in to upload your games and track your stats! →
Sign in with Steam
Match 42477689
Unlisted
Match 42477689
Overview
Messages
Build Orders
End
Kradschützen Motorcycle Team
250 Light Carrier
Selects Italian Infantry
Panzergrenadier Squad
Panzergrenadier Squad
Construct Light Support Kompanie
2.5-tonne Medical Truck
Selects Defensive Operations
Fire Support Elements
Assault Mechanized Group
Flakvierling Half-track
Panzerjäger Squad
Selects Guastatori Squad
Guastatori Squad
Guastatori Squad
Construct Panzerarmee Kommand
Selects Prepared Positions
Panzer III L Medium Tank
Panzerpioneer Squad
Selects Obice 305mm Barrage
Emergency Repair Kits
Panzer III L Medium Tank
Obice 305mm Barrage
Assault Mechanized Group
Panzer III L Medium Tank
杨司令
Swordfingerdarkblue
CPU - VERY EASY
nonocat
Chicken ✔
七彩斑斓的牛头人战士
Mad
Goonsader
0
0
Comments
sign in to comment!
No comments posted yet!